 Dungeon Crawl Stone Soup version 0.31-a0-162-gc4c5a43528 (webtiles) character file.

Game seed: 9271099311909022547

1032 qw the Skirmisher (level 8, 0/74 HPs)
             Began as a Naga Hunter on June 12, 2023.
             Slain by a gnoll sergeant
             ... wielding a +2 trident of distortion
              (11 damage)
             ... on level 5 of the Dungeon.
             The game lasted 00:01:48 (4267 turns).

qw the Skirmisher (Naga Hunter)                     Turns: 4267, Time: 00:01:49

Health: 0/74       AC:  5    Str: 14    XL:     8   Next: 23%
Magic:  8/8        EV: 10    Int: 10    God:
Gold:   166        SH:  5    Dex: 16    Spells: 7/7 levels left

rFire   . . .        Y - +1 shortbow
rCold   . . .        (shield currently unavailable)
rNeg    . . .        c - +0 leather armour
rPois   +            i - +0 helmet
rElec   .            j - scarf {repulsion}
rCorr   .            (no gloves)
SInv    +            (no barding)
Will    +....        l - amulet of reflection
Stlth   ++           g - +4 ring of slaying {mikee}
HPRegen 0.32/turn    (no ring)
MPRegen 0.11/turn

%: repel missiles, reflection
@: about to teleport, very slow
A: AC +2, large, see invisible, deformed body, poison resistance, slowness 2,
spit poison 1, naga tail 1
a: Spit Poison


You were on level 5 of the Dungeon.
You visited 1 branch of the dungeon, and saw 5 of its levels.

You collected 166 gold pieces.


Innate Abilities, Weirdness & Mutations

Your serpentine skin is tough. (AC +2)
You have supernaturally acute eyesight. (SInv)
Armour fits poorly on your strangely shaped body.
Your system is resistant to poisons. (rPois)
You cover ground very slowly.
You can spit poison.
You have a snake-like lower body.


   Skills:
 - Level 5.2 Fighting
 + Level 8.1 Ranged Weapons
 - Level 2.0 Dodging
 - Level 1.5 Stealth


You had 7 spell levels left.
You didn't know any spells.
Your spell library was empty.

Inventory:

Hand Weapons
 Y - a +1 shortbow (weapon)
Armour
 c - a +0 leather armour (worn)
 i - a +0 helmet (worn)
 j - a scarf of repulsion (worn)
 p - a +0 leather armour of cold resistance
Jewellery
 g - a +4 ring of slaying (left hand) {mikee}
 l - an amulet of reflection (around neck)
Wands
 h - a wand of digging (3)
Scrolls
 k - a scroll of identify
 n - a scroll of brand weapon {unknown}
 o - a scroll of revelation {unknown}
Potions
 a - a potion of haste
 b - 3 potions of curing
 d - a potion of ambrosia {unknown}
 e - a potion of invisibility {unknown}
 f - a potion of enlightenment {unknown}
 q - a potion of might {unknown}

Dungeon Overview and Level Annotations

Branches:
Dungeon (5/15)
 Temple: D:4-7

Altars:
Elyvilon
Makhleb
Xom

Shops:
D:2 (


Message History

A gnoll comes into view. It is wielding a +0 halberd.
You shoot an arrow. The gnoll sergeant blocks the arrow.
You shoot an arrow. The arrow hits the gnoll sergeant.
The gnoll sergeant is lightly wounded.
The gnoll sergeant hits you from afar with a +2 trident of distortion!
Space warps horribly around you.
You shoot an arrow. The gnoll sergeant blocks the arrow.
The gnoll sergeant hits you from afar with a +2 trident of distortion!
You blink.
You shoot an arrow. The arrow hits the gnoll sergeant.
The gnoll sergeant is moderately wounded.
You have got your breath back.
4262 ||| INVOKING Spit Poison.
Aiming: Spit Poison (1% risk of failure)
Press: ? - help, Shift-Dir - straight line, f/p - gnoll sergeant The splash of poison hits the gnoll sergeant.
The gnoll sergeant is moderately wounded.
You shoot an arrow. The arrow hits the gnoll sergeant.
The gnoll sergeant is moderately wounded.
The gnoll sergeant hits you from afar with a +2 trident of distortion.
An ogre comes into view. It is wielding a +0 giant club.
You shoot an arrow. The gnoll sergeant blocks the arrow.
The ogre shouts!
The gnoll sergeant hits you from afar with a +2 trident of distortion.
Space warps horribly around you!
You shoot an arrow.
The arrow barely misses the gnoll sergeant.
The arrow hits the gnoll.
The gnoll is moderately wounded.
The gnoll sergeant closely misses you.
You shoot an arrow.
The arrow hits the gnoll sergeant but does no damage.
The gnoll sergeant is moderately wounded.
The gnoll sergeant hits you from afar with a +2 trident of distortion!
4267 ||| READING scroll of teleportation.
As you read the scroll of teleportation, it crumbles to dust.
You feel strangely unstable.
You have got your breath back.
The gnoll sergeant hits you from afar with a +2 trident of distortion!
You die...

.# #.......# .
##########.#####.#
#.# ....%......#
#.###...##
.###########
##.........
...#...
#.....##### ##.#.#
#.#####.. ##...#.#
#.'....._ .......#
#.#####.. ########
#.@.gg#
#####ggO....
####..# #


You could see an ogre, a gnoll sergeant and 3 gnolls.

Vanquished Creatures
  A steam dragon (D:4)
  An ogre (D:3)
  A phantom (D:5)
  Blork the orc (D:5)
  A scorpion (D:5)
  A jelly (D:5)
  An orc priest (D:4)
  3 hounds
  3 iron imps (D:3)
  An iguana (D:5)
  Ijyb (D:3)
  3 orc wizards
  Robin (D:3)
  12 adders
  2 worms
  3 dart slugs
  14 orcs
  3 bats
  7 endoplasms
  4 giant cockroaches
  17 goblins
  12 hobgoblins
  19 jackals
  3 quokkas
  8 ball pythons
  3 frilled lizards
  7 kobolds
  6 rats
139 creatures vanquished.

Notes
Turn   | Place    | Note
-------+----------+-------------------------------------------
     0 | D:1      | qw the Naga Hunter began the quest for the Orb.
     0 | D:1      | Reached XP level 1. HP: 19/19 MP: 1/1
     0 | D:1      | 0 ||| qw: Version: 0.2-a-29-gc1b59c4
     0 | D:1      | 0 ||| qw: Game counter: 4355
     0 | D:1      | 0 ||| qw: Always use a shield: true
     0 | D:1      | 0 ||| qw: God list: Okawaru
     0 | D:1      | 0 ||| qw: Allow faded altars: false
     0 | D:1      | 0 ||| qw: Do Orc after D:15 true
     0 | D:1      | 0 ||| qw: Do second Lair branch before Depths: true
     0 | D:1      | 0 ||| qw: Lair rune preference: random
     0 | D:1      | 0 ||| qw: Plans: Normal
     0 | D:1      | 0 ||| PLANNING D:1-11
    12 | D:1      | 12 ||| INVOKING Spit Poison.
    71 | D:1      | 71 ||| INVOKING Spit Poison.
    98 | D:1      | 98 ||| INVOKING Spit Poison.
   115 | D:1      | 115 ||| INVOKING Spit Poison.
   136 | D:1      | 136 ||| INVOKING Spit Poison.
   142 | D:1      | 142 ||| INVOKING Spit Poison.
   191 | D:1      | 191 ||| DROPPING +2 sling of draining.
   198 | D:1      | 198 ||| INVOKING Spit Poison.
   199 | D:1      | Reached skill level 4 in Ranged Weapons
   199 | D:1      | Reached XP level 2. HP: 26/26 MP: 2/2
   205 | D:1      | 205 ||| INVOKING Spit Poison.
   246 | D:1      | 246 ||| INVOKING Spit Poison.
   392 | D:1      | 392 ||| INVOKING Spit Poison.
   431 | D:1      | 431 ||| INVOKING Spit Poison.
   530 | D:1      | 530 ||| INVOKING Spit Poison.
   541 | D:1      | 541 ||| INVOKING Spit Poison.
   544 | D:1      | 544 ||| INVOKING Spit Poison.
   549 | D:1      | 549 ||| INVOKING Spit Poison.
   635 | D:1      | 635 ||| READING scroll labelled BUEBYRUURCH.
   636 | D:1      | 636 ||| READING scroll labelled VUWNIROKHLA.
   637 | D:1      | 637 ||| READING scroll labelled JITHRO VAOZUON.
   641 | D:1      | 641 ||| DROPPING scroll of butterflies.
   684 | D:2      | Reached XP level 3. HP: 32/32 MP: 3/3
   725 | D:2      | 725 ||| INVOKING Spit Poison.
   726 | D:2      | 726 ||| FLEEEEING.
   727 | D:2      | 727 ||| FLEEEEING.
   750 | D:2      | 750 ||| INVOKING Spit Poison.
   768 | D:2      | 768 ||| INVOKING Spit Poison.
   789 | D:2      | 789 ||| INVOKING Spit Poison.
   816 | D:2      | Found Makez's Antique Weapon Shoppe.
   824 | D:2      | 824 ||| INVOKING Spit Poison.
   827 | D:2      | 827 ||| INVOKING Spit Poison.
   832 | D:2      | 832 ||| INVOKING Spit Poison.
   860 | D:2      | 860 ||| INVOKING Spit Poison.
   861 | D:2      | Reached skill level 5 in Ranged Weapons
   864 | D:2      | 864 ||| INVOKING Spit Poison.
   865 | D:2      | Reached XP level 4. HP: 39/39 MP: 4/4
   870 | D:2      | 870 ||| INVOKING Spit Poison.
   925 | D:2      | 925 ||| INVOKING Spit Poison.
   943 | D:2      | 943 ||| INVOKING Spit Poison.
   949 | D:2      | 949 ||| INVOKING Spit Poison.
   957 | D:2      | 957 ||| INVOKING Spit Poison.
   963 | D:2      | 963 ||| INVOKING Spit Poison.
   966 | D:2      | 966 ||| INVOKING Spit Poison.
  1187 | D:2      | 1187 ||| INVOKING Spit Poison.
  1246 | D:2      | 1246 ||| INVOKING Spit Poison.
  1334 | D:2      | 1334 ||| INVOKING Spit Poison.
  1339 | D:2      | 1339 ||| Stepping ~*~*~tactically~*~*~ (outnumbered).
  1340 | D:2      | 1340 ||| INVOKING Spit Poison.
  1344 | D:2      | Reached skill level 3 in Fighting
  1346 | D:2      | 1346 ||| INVOKING Spit Poison.
  1350 | D:2      | 1350 ||| INVOKING Spit Poison.
  1355 | D:2      | 1355 ||| INVOKING Spit Poison.
  1484 | D:2      | 1484 ||| INVOKING Spit Poison.
  1591 | D:2      | 1591 ||| READING scroll labelled GANIADUGOO.
  1666 | D:2      | 1666 ||| READING scroll labelled OMIMAKHLU AMIU.
  1667 | D:2      | 1667 ||| READING scroll labelled ESOP MAKEB.
  1668 | D:2      | 1668 ||| DRINKING 4 orange potions.
  1669 | D:2      | 1669 ||| DRINKING 2 fizzy cyan potions.
  1670 | D:2      | 1670 ||| DROPPING potion of degeneration.
  1707 | D:3      | 1707 ||| INVOKING Spit Poison.
  1755 | D:3      | 1755 ||| INVOKING Spit Poison.
  1756 | D:3      | Reached XP level 5. HP: 49/49 MP: 5/5
  1767 | D:3      | 1767 ||| INVOKING Spit Poison.
  1768 | D:3      | Noticed Ijyb
  1773 | D:3      | 1773 ||| INVOKING Spit Poison.
  1776 | D:3      | 1776 ||| INVOKING Spit Poison.
  1777 | D:3      | Killed Ijyb
  1785 | D:3      | Noticed an ogre
  1786 | D:3      | 1786 ||| INVOKING Spit Poison.
  1792 | D:3      | 1792 ||| INVOKING Spit Poison.
  1792 | D:3      | HP: 11/49 [ogre/+0 giant club (21)]
  1793 | D:3      | 1793 ||| READING scroll of teleportation.
  1793 | D:3      | HP: 5/49 [ogre/+0 giant club (7)]
  1794 | D:3      | Killed an ogre
  1795 | D:3      | Reached skill level 6 in Ranged Weapons
  1795 | D:3      | Reached XP level 6. HP: 6/56 MP: 6/6
  1993 | D:3      | Found a white marble altar of Elyvilon.
  2044 | D:3      | 2044 ||| INVOKING Spit Poison.
  2048 | D:3      | 2048 ||| INVOKING Spit Poison.
  2052 | D:3      | 2052 ||| INVOKING Spit Poison.
  2058 | D:3      | 2058 ||| INVOKING Spit Poison.
  2063 | D:3      | 2063 ||| INVOKING Spit Poison.
  2083 | D:3      | 2083 ||| INVOKING Spit Poison.
  2083 | D:3      | Noticed Robin
  2086 | D:3      | 2086 ||| Stepping ~*~*~tactically~*~*~ (outnumbered).
  2089 | D:3      | 2089 ||| INVOKING Spit Poison.
  2095 | D:3      | 2095 ||| INVOKING Spit Poison.
  2100 | D:3      | Killed Robin
  2102 | D:3      | 2102 ||| INVOKING Spit Poison.
  2105 | D:3      | HP: 12/56 [goblin/+0 dagger[Robin] (5)]
  2367 | D:3      | Found a burning altar of Makhleb.
  2466 | D:3      | 2466 ||| INVOKING Spit Poison.
  2470 | D:3      | 2470 ||| INVOKING Spit Poison.
  2485 | D:3      | 2485 ||| INVOKING Spit Poison.
  2520 | D:3      | 2520 ||| INVOKING Spit Poison.
  2535 | D:3      | 2535 ||| INVOKING Spit Poison.
  2540 | D:3      | 2540 ||| INVOKING Spit Poison.
  2619 | D:3      | 2619 ||| INVOKING Spit Poison.
  2621 | D:3      | 2621 ||| DRINKING 4 potions of curing.
  2621 | D:3      | 2621 ||| (to cure confusion)
  2623 | D:3      | 2623 ||| INVOKING Spit Poison.
  2627 | D:3      | 2627 ||| INVOKING Spit Poison.
  2631 | D:3      | 2631 ||| INVOKING Spit Poison.
  2635 | D:3      | 2635 ||| INVOKING Spit Poison.
  2788 | D:3      | 2788 ||| UPGRADING to +0 helmet.
  2793 | D:3      | 2793 ||| UPGRADING to scarf of repulsion.
  2798 | D:3      | 2798 ||| READING scroll labelled JEIRUDGH ZINIZ.
  2799 | D:3      | 2799 ||| READING scroll labelled OWEQANO KUOWN.
  2883 | D:4      | 2883 ||| INVOKING Spit Poison.
  2884 | D:4      | 2884 ||| INVOKING Spit Poison.
  2972 | D:4      | 2972 ||| INVOKING Spit Poison.
  3028 | D:4      | 3028 ||| INVOKING Spit Poison.
  3035 | D:4      | 3035 ||| INVOKING Spit Poison.
  3037 | D:4      | Reached XP level 7. HP: 59/64 MP: 7/7
  3082 | D:4      | 3082 ||| INVOKING Spit Poison.
  3085 | D:4      | 3085 ||| INVOKING Spit Poison.
  3111 | D:4      | 3111 ||| INVOKING Spit Poison.
  3327 | D:4      | Noticed a steam dragon
  3330 | D:4      | 3330 ||| INVOKING Spit Poison.
  3331 | D:4      | 3331 ||| Stepping ~*~*~tactically~*~*~ (cloud).
  3333 | D:4      | 3333 ||| INVOKING Spit Poison.
  3336 | D:4      | Killed a steam dragon
  3337 | D:4      | Reached skill level 7 in Ranged Weapons
  3483 | D:4      | 3483 ||| INVOKING Spit Poison.
  3552 | D:4      | 3552 ||| INVOKING Spit Poison.
  3571 | D:4      | 3571 ||| UPGRADING to amulet of reflection.
  3576 | D:4      | 3576 ||| UPGRADING to +4 ring of slaying {mikee}.
  3577 | D:4      | 3577 ||| DROPPING ring of wizardry.
  3578 | D:4      | 3578 ||| DRINKING 2 dark potions.
  3622 | D:5      | Entered Level 5 of the Dungeon
  3623 | D:5      | 3623 ||| INVOKING Spit Poison.
  3626 | D:5      | 3626 ||| INVOKING Spit Poison.
  3629 | D:5      | 3629 ||| INVOKING Spit Poison.
  3633 | D:5      | 3633 ||| INVOKING Spit Poison.
  3638 | D:5      | 3638 ||| INVOKING Spit Poison.
  3640 | D:5      | 3640 ||| STAIRDANCE
  3644 | D:4      | 3644 ||| INVOKING Spit Poison.
  3750 | D:5      | 3750 ||| INVOKING Spit Poison.
  3755 | D:5      | 3755 ||| INVOKING Spit Poison.
  3760 | D:5      | 3760 ||| INVOKING Spit Poison.
  3764 | D:5      | 3764 ||| INVOKING Spit Poison.
  3782 | D:5      | Noticed Blork the orc
  3783 | D:5      | 3783 ||| INVOKING Spit Poison.
  3786 | D:5      | Killed Blork the orc
  3792 | D:5      | 3792 ||| INVOKING Spit Poison.
  3823 | D:5      | 3823 ||| INVOKING Spit Poison.
  3824 | D:5      | Reached skill level 8 in Ranged Weapons
  3836 | D:5      | 3836 ||| INVOKING Spit Poison.
  3847 | D:5      | 3847 ||| FLEEEEING.
  3848 | D:5      | 3848 ||| FLEEEEING.
  3853 | D:5      | Reached XP level 8. HP: 40/73 MP: 8/8
  3853 | D:5      | 3853 ||| INVOKING Spit Poison.
  3872 | D:5      | 3872 ||| INVOKING Spit Poison.
  4096 | D:5      | 4096 ||| INVOKING Spit Poison.
  4140 | D:5      | 4140 ||| INVOKING Spit Poison.
  4209 | D:5      | 4209 ||| INVOKING Spit Poison.
  4212 | D:5      | 4212 ||| INVOKING Spit Poison.
  4228 | D:5      | 4228 ||| INVOKING Spit Poison.
  4250 | D:5      | Found a shimmering altar of Xom.
  4256 | D:5      | 4256 ||| INVOKING Spit Poison.
  4262 | D:5      | 4262 ||| INVOKING Spit Poison.
  4266 | D:5      | HP: 10/74 [gnoll sergeant/+2 trident of distortion (12)]
  4267 | D:5      | 4267 ||| READING scroll of teleportation.
  4267 | D:5      | Slain by a gnoll sergeant

Levels and vault maps discovered:
D:1:      wander_arrival_chamber, layout_loops_ring
D:2:      layout_basic, serial_shops, shop, serial_park_tiny_1,
          minmay_goblin_outpost
D:3:      layout_basic, nicolae_elyvilon_temple_path, demons_altar,
          minmay_box_of_dots, uniq_ijyb, uniq_robin
D:4:      layout_basic, kennysheep_generic_room_10
D:5:      layout_basic, mainiacjoe_overflow_surrounded_room,
          kennysheep_pointless_box, grunt_decor_junction, uniq_blork_the_orc

Skill      XL: |  1  2  3  4  5  6  7  8 |
---------------+-------------------------+-----
Ranged Weapons | 4 5 6 8 |  8.1
Fighting       | 3 4 5 |  5.2
Dodging        | 2 |  2.0
Stealth        | |  1.5

Action                     |  1- 3 |  4- 6 |  7- 9 || total
---------------------------+-------+-------+-------++-------
   Fire: Shortbow          |    54 |   176 |   109 ||   339
Ability: Spit Poison       |    24 |    46 |    30 ||   100
    Use: Scroll            |     3 |     6 |     1 ||    10
         Potion            |       |     3 |     1 ||     4
 Armour: Leather armour    |     4 |    23 |    13 ||    40
  Dodge: Dodged            |     9 |    37 |    25 ||    71
  Block: Other             |       |       |     9 ||     9
         Reflection        |       |       |     1 ||     1

Table legend:
 A = Non-vault XP
 B = Vault XP
 C = Vault XP percentage of total XP
 D = Non-vault monster count
 E = Vault monster count
 F = Vault count percentage of total count
                 A         B        C        D         E       F
            +---------+---------+-------+---------+---------+-------
      Total |    1167 |     308 |  20.9 |     112 |      27 |  19.4
            +---------+---------+-------+---------+---------+-------
        D:1 |      31 |       0 |   0.0 |      18 |       0 |   0.0
        D:2 |     106 |      15 |  12.4 |      31 |       8 |  20.5
        D:3 |     242 |     199 |  45.1 |      22 |      18 |  45.0
        D:4 |     296 |       0 |   0.0 |      18 |       0 |   0.0
        D:5 |     492 |      94 |  16.0 |      23 |       1 |   4.2
            +---------+---------+-------+---------+---------+-------
